 Dungeon Crawl Stone Soup version 0.21.1-1-g345015fe64 (webtiles) character file.

1446 Ryomija the Conjurer (level 8, -5/71 HPs)
             Began as a Black Draconian Conjurer on May 12, 2018.
             Was a Follower of Vehumet.
             Killed from afar by an orc wizard (6 damage)
             ... with a magic dart
             ... on level 6 of the Dungeon.
             The game lasted 00:35:58 (7560 turns).

Ryomija the Conjurer (Black Draconian Conjurer)     Turns: 7560, Time: 00:35:58

Health: -5/71      AC:  8    Str: 11    XL:     8   Next: 46%
Magic:  15/25      EV: 12    Int: 18    God:    Vehumet [*.....]
Gold:   288        SH:  0    Dex: 14    Spells: 15/18 levels left

rFire    . . .     SeeInvis .   e - +0 short sword
rCold    . . .     Gourm    .   (no shield)
rNeg     . . .     Faith    .   (armour unavailable)
rPois    +         Spirit   .   (helmet restricted)
rElec    +         Reflect  .   (no cloak)
rCorr    .         Harm     .   g - +0 pair of gloves {Dex+3}
MR       .....                  p - +0 pair of boots {run}
Stlth    ++........             (no amulet)
HPRegen  0.21/turn              c - ring of magical power
MPRegen  0.19/turn              y - ring of poison resistance

@: quick
A: breathe lightning, unfitting armour, electricity resistance, cold-blooded, AC
+6
a: Breathe Lightning, Renounce Religion


You were on level 6 of the Dungeon.
You worshipped Vehumet.
Vehumet was aware of your devotion.
You were not hungry.

You visited 2 branches of the dungeon, and saw 7 of its levels.

You collected 288 gold pieces.

Inventory:

Hand Weapons
 e - a +0 short sword (weapon)
 o - a +1 spear of venom
 u - a +0 flail of draining
Armour
 g - a +0 pair of gloves of dexterity (worn)
 p - a +0 pair of boots of running (worn)
Jewellery
 c - a ring of magical power (left hand)
 r - an uncursed ring of ice
 y - a ring of poison resistance (right hand)
Scrolls
 d - 7 scrolls of teleportation {unknown}
 f - 2 scrolls of enchant weapon {unknown}
 h - 5 scrolls of identify {unknown}
 j - a scroll of blinking {unknown}
 k - 2 scrolls of fog {unknown}
 l - a scroll of magic mapping {unknown}
 m - 3 scrolls of immolation {unknown}
 s - a scroll of random uselessness {unknown}
 v - 2 scrolls of enchant armour {unknown}
 z - a scroll of noise {unknown}
Potions
 n - 2 potions of brilliance
 q - 2 potions of curing
 t - a potion of haste {unknown}
 w - a potion of invisibility {unknown}
Books
 a - a book of Conjurations

   Spells                             Type                      Level
   a - Magic Dart                     Conjuration                  1
   b - Searing Ray                    Conjuration                  2
   c - Dazzling Spray                 Conjuration/Hexes            3
   d - Fulminant Prism                Conjuration/Hexes            4
   e - Force Lance                    Conjuration/Translocation    4
   f - Iskenderun's Mystic Blast      Conjuration                  4
Comestibles
 b - 13 rations
 i - 8 chunks of flesh


   Skills:
 + Level 6.8 Fighting
 - Level 1.7 Dodging
 - Level 1.7 Stealth
 + Level 5.5 Spellcasting
 + Level 7.4 Conjurations


You had 15 spell levels left.
You knew the following spells:

 Your Spells              Type           Power        Failure   Level  Hunger
a - Magic Dart            Conj           ####         1%          1    None
b - Searing Ray           Conj           ####..       1%          2    #......


Dungeon Overview and Level Annotations

Branches:
Dungeon (6/15)             Temple (1/1) D:5

Altars:
Cheibriados
Dithmenos
Elyvilon
Fedhas
Gozag
Hepliaklqana
Kikubaaqudgha
Makhleb
Nemelex Xobeh
Okawaru
Qazlal
Ru
Sif Muna
Trog
Uskayaw
Vehumet
Xom
Zin
The Shining One


Innate Abilities, Weirdness & Mutations

You can breathe wild blasts of lightning.
Your glossy black scales are hard. (AC +6)
You cannot fit into any form of body armour.
You are resistant to electric shocks. (rElec)
You are cold-blooded and may be slowed by cold attacks.


Message History

The searing ray hits the orc warrior.
The orc warrior is severely wounded.
The orc warrior hits you from afar with an enchanted glaive!!
* * * LOW HITPOINT WARNING * * *
The searing ray hits the orc warrior.
The orc warrior is severely wounded.
The orc warrior hits you but does no damage.
The searing ray hits the orc warrior.
You kill the orc warrior!
Vehumet accepts your kill.
The searing ray hits the orc priest.
The orc priest is almost dead.
You finish channeling your searing ray.
The orc priest begins to cast a cantrip, but forgets the words!
The orc priest invokes the aid of Beogh against you.
Pain shoots through your body!
* * * LOW HITPOINT WARNING * * *
The orc wizard points at you and mumbles some strange words.
The magic dart hits you!
You die...

#######.#..###..)##.###
####.......##..(..####.#
#....#########.........#
######.#### ###....######
#......# #####...)#.## #.######
#........#..# ###.#
#....###)##.### ....#
####..#####.##.).## ...##
##....@####..####..# ...#
#....(..()ooo..###.#### ..###
##..#..########.(....##. #...###
##.....###.'_#####.>...).
###...###..#..## #.###ooo.......)
#.#.....###.####.......#.......
###.................######.....).
...≈....⌠.......##..# #.......
...≈≈≈....#..##....## ##.....#


You could see an orc priest, an orc wizard and an orc.

Vanquished Creatures
  A sky beast (D:5)
  2 orc warriors (D:6)
  A centaur (D:6)
  Blork the orc (D:6)
  A bullfrog (D:6)
  A wyvern skeleton (D:6)
  3 scorpions
  3 howler monkeys
  3 crimson imps (D:6)
  A quasit (D:6)
  A bullfrog zombie (D:5)
  A jelly (D:5)
  2 centaur zombies (D:6)
  2 orc wizards
  2 worker ants
  A hound skeleton (D:6)
  A howler monkey zombie (D:5)
  A worker ant zombie (D:6)
  7 gnolls (D:4)
  3 adders (D:3)
  A white imp (D:6)
  An ooze (D:1)
  An adder skeleton (D:6)
  3 worms
  The ghost of Kejsarherre the Chopper, a weakling FoGl (D:4)
  4 dart slugs
  6 leopard geckos
  11 orcs
  A ball python (D:4)
  3 bats
  7 giant cockroaches
  12 goblins
  9 hobgoblins
  6 jackals
  A quokka (D:3)
  13 frilled lizards
  2 giant cockroach zombies
  2 goblin skeletons (D:6)
  A goblin zombie (D:6)
  4 hobgoblin zombies (D:6)
  8 kobolds
  A kobold skeleton (D:6)
  2 kobold zombies (D:6)
  2 orc skeletons (D:6)
  2 orc zombies (D:6)
  A quokka skeleton (D:4)
  A quokka zombie (D:5)
  6 rats
150 creatures vanquished.

Vanquished Creatures (others)
  3 plants (D:1)
3 creatures vanquished.

Grand Total: 153 creatures vanquished

Notes
Turn   | Place    | Note
-------+----------+-------------------------------------------
     0 | D:1      | Ryomija the Draconian Conjurer began the quest for the Orb.
     0 | D:1      | Reached XP level 1. HP: 14/14 MP: 3/3
    81 | D:1      | Reached skill level 1 in Fighting
   108 | D:1      | Reached XP level 2. HP: 12/23 MP: 5/5
   671 | D:1      | Reached XP level 3. HP: 29/29 MP: 6/6
  1639 | D:2      | Found a blossoming altar of Fedhas.
  1771 | D:2      | Identified a +0 pair of boots of running (You found it on level 2 of the Dungeon)
  1824 | D:2      | Reached XP level 4. HP: 37/37 MP: 7/7
  2298 | D:3      | Found a sacrificial altar of Ru.
  2679 | D:3      | Reached skill level 5 in Conjurations
  2983 | D:3      | Reached XP level 5. HP: 43/45 MP: 9/9
  3185 | D:3      | Found a shadowy altar of Dithmenos.
  3422 | D:3      | HP: 2/45 [poisoned by a gnoll]
  4051 | D:4      | Noticed Kejsarherre's ghost (weakling FoGl)
  4075 | D:4      | Killed Kejsarherre's ghost
  4511 | D:4      | Reached XP level 6. HP: 32/52 MP: 10/10
  5272 | D:4      | Learned a level 2 spell: Searing Ray
  5288 | D:5      | Entered Level 5 of the Dungeon
  5288 | D:5      | Found an iron altar of Okawaru.
  5461 | D:5      | Found a staircase to the Ecumenical Temple.
  5472 | Temple   | Entered the Ecumenical Temple
  5673 | Temple   | Became a worshipper of Vehumet
  5762 | D:5      | Reached skill level 6 in Conjurations
  5762 | D:5      | Your scales start taking on a glossy black colour.
  5762 | D:5      | Reached XP level 7. HP: 33/60 MP: 12/12
  5762 | D:5      | Gained mutation: You are resistant to electric shocks. (rElec) [Black Draconian growth]
  5771 | D:5      | Reached skill level 5 in Fighting
  5838 | D:5      | Found a deep blue altar of Sif Muna.
  5880 | D:5      | Found a hide-covered altar of Uskayaw.
  6474 | D:6      | Found an ancient bone altar of Kikubaaqudgha.
  6627 | D:6      | Noticed Blork the orc
  6702 | D:6      | Killed Blork the orc
  6820 | D:6      | Reached XP level 8. HP: 51/70 MP: 15/15
  6896 | D:6      | Reached skill level 5 in Spellcasting
  6896 | D:6      | Reached skill level 7 in Conjurations
  7047 | D:6      | Found a glowing golden altar of the Shining One.
  7065 | D:6      | Reached * piety under Vehumet
  7065 | D:6      | Offered knowledge of Shock by Vehumet.
  7393 | D:6      | Found a hazy altar of Hepliaklqana.
  7556 | D:6      | HP: 3/71 [orc warrior/enchanted glaive (27)]
  7559 | D:6      | HP: 1/71 [orc priest/nerve-wracking pain (2)]
  7560 | D:6      | Killed from afar by an orc wizard

Skill      XL: |  1  2  3  4  5  6  7  8 |
---------------+-------------------------+-----
Fighting       | 1 2 3 4 6 |  6.8
Conjurations   | 5 6 7 |  7.4
Spellcasting   | 3 4 5 |  5.5
Dodging        | |  1.7
Stealth        | |  1.7

Action                   |  1- 3 |  4- 6 |  7- 9 || total
-------------------------+-------+-------+-------++-------
Melee: Unarmed           |    77 |       |       ||    77
       Tailslap          |    20 |    16 |     3 ||    39
       Short sword       |    81 |   141 |    58 ||   280
       Flail             |       |    19 |       ||    19
 Cast: Magic Dart        |    41 |   114 |    84 ||   239
       Searing Ray       |       |     1 |    15 ||    16
  Use: Potion            |       |     5 |       ||     5
 Stab: Sleeping          |     2 |     5 |       ||     7
       Distracted        |     1 |       |       ||     1
       Invisible         |       |     1 |       ||     1
  Eat: Chunk             |     3 |    11 |     4 ||    18
       Ration            |       |       |     1 ||     1
Armor: Skin              |    38 |    69 |    38 ||   145
Dodge: Dodged            |    90 |   123 |    86 ||   299
